Description

다수 뮤탈과 저글링으로 이리저리 흔드는 빌드

Build Order

Get SALT Encoding   

  12  0:01  Drone  
  13  0:13  Overlord  
  13  0:17  Drone  
  14  0:32  Drone x2  
  16  0:50  Hatchery  
  15  0:52  Drone  
  16  0:55  Drone  #1
  17  0:59  Drone  #2
  18  1:08  Extractor  #1
  17  1:16  Spawning Pool  #2
  16  1:19  Drone  가스랠리
  17  1:22  Drone  가스랠리
  18  1:29  Drone  가스랠리
  19  1:39  Drone  
  20  1:49  Drone  
  21  2:03  Queen x2  
  25  2:04  Zergling x2  
  27  2:12  Overlord  
  27  2:13  Drone  
  28  2:14  Metabolic Boost  
  28  2:31  Drone x2  
  30  2:40  Hatchery  
  29  2:43  Drone  
  30  2:47  Drone  
  31  2:52  Action  앞마당 점막
  31  2:53  Queen  앞마당에서
  33  2:58  Overlord  
  33  2:59  Drone  
  34  3:08  Pneumatized Carapace  본진 오버속업
  34  3:09  Drone x2  
  36  3:18  Drone  5 drones
  41  3:25  Overlord  
  41  3:27  Drone  
  42  3:33  Queen  
  44  3:43  Drone  6 drones
  50  3:53  Queen  트리플 여왕
  52  3:54  Overlord  
  52  3:55  Zergling x2  
  54  4:05  Drone  4 drones
  58  4:10  Overlord x2  
  58  4:17  Queen  
  60  4:20  Roach Warren  앞마당 심시티
  59  4:24  Drone  4 drones
  63  4:30  Spore Crawler  
  61  4:32  Drone  3 drones
  64  4:36  Zergling x2  
  66  4:40  Drone  4 drones
  70  4:44  Overlord  
  70  4:48  Extractor x2  
  72  4:53  Drone x4  4 drones
  72  4:55  Lair  
  72  4:58  Drone  2 drones
  73  5:02  Roach  4 roaches
  74  5:01  Spore Crawler  트리플
  82  5:11  Action  가스일꾼
  82  5:12  Drone  3 drones
  84  5:15  Overlord  
  82  5:20  Drone  4 drones
  84  5:19  Extractor  3 extractor (트리플까지 완전히)
  82  5:27  Drone  3 drones
  85  5:32  Drone  12 drones(최적화 끝)
  97  5:42  Action  가스일꾼
  97  5:43  Hatchery  멀티
  96  5:48  Evolution Chamber x2  
  94  5:51  Roach  3 roaches
  94  5:58  Spire  
  94  5:59  Overlord  이후 대군주 알아서
  93  6:00  Overseer  
  91  6:14  Zerg Ground Armor Level 1, Zerg Melee Weapons Level 1  
  91  6:15  Glial Reconstitution  바퀴 속업
  91  6:17  Zergling  20 zerglings
  98  6:58  Extractor x2  멀티 가스만
  101  7:10  Mutalisk  12 mutaliskes + 저글링 돈 되는 대로
  121  7:27  Zerg Flyer Weapons Level 1  
  111  7:11  Hatchery  멀티 하나더 이후 일꾼 80기 유지
  141  7:55  Baneling Nest  
  154  8:30  Zerg Melee Weapons Level 2, Zerg Ground Armor Level 2  
  171  8:50  Centrifical Hooks  
Spawning Tool Build Advisor. Get it on Overwolf

Go to:

Details

  • Created by: bookshelf421
  • Published on: Nov 01, 2020
  • Modified on: Nov 01, 2020
  • Patch: 4.11.0
  • Difficulty: Medium
Show
View Real Time Build Order
Export as new Build Order

Comments (0)

There are no comments. Be the first!

Create an account to comment!